 Dungeon Crawl Stone Soup version 0.30-a0-629-gd54f4be4f7 (webtiles) character file.

Game seed: 2200425073161937021

578398 Leeroy the Swordfish (level 27, -4/224 HPs)
             Began as a Merfolk Gladiator on Jan 11, 2023.
             Was the Champion of Hepliaklqana.
             Killed from afar by a hell hog (20 damage)
             ... with a fireball
             ... on level 4 of the Depths on Jan 12, 2023.
             The game lasted 03:22:27 (62089 turns).

Leeroy the Swordfish (Merfolk Gladiator)           Turns: 62089, Time: 03:22:27

Health: -4/224     AC: 21    Str: 22    XL:     27
Magic:  0/16       EV: 47    Int:  6    God:    Hepliaklqana [******]
Gold:   5648       SH: 24    Dex: 37    Spells: 21/42 levels left

rFire   . . .      SeeInvis .    k - +8 double sword (antimagic)
rCold   + + .      Faith    .    E - +0 kite shield of the Land of Plenty {Rampage Will+ Int-4}
rNeg    . . .      Spirit   +    N - +4 moon troll leather armour {Spirit, Regen++ MP+5}
rPois   .          Reflect  +    c - +0 hat {Will+}
rElec   +          Harm     .    q - +4 cloak of Responsibility {rF+ Str+4}
rCorr   +          Rampage  +    x - +2 pair of gloves of the Arena {Will++ Str+3}
Will    +++++      Rage     3%   p - +2 pair of boots
Stlth   ++++++     Rnd*Tele +    F - amulet of reflection
HPRegen 2.17/turn                b - ring "Huerohe" {Will+ MP+9 Dex+6}
MPRegen 0.15/turn                A - ring "Qysiwn" {Ice *Slow rElec rCorr Dex+5}

@: on berserk cooldown, slowed, studying 2 skills, very slow
A: reduced essence, (nimble swimmer 2), mertail, horns 1, berserk 1, cold
resistance 1, teleportitis 1
}: 3/15 runes: decaying, serpentine, silver
a: Renounce Religion, Recall Ancestor, Ancestor Identity, Transference, Idealise


You were on level 4 of the Depths.
You worshipped Hepliaklqana.
Hepliaklqana was exalted by your worship.
You visited 14 branches of the dungeon, and saw 54 of its levels.
You also visited: Ossuary, Gauntlet, Ice Cave, Volcano and Desolation.

You collected 9318 gold pieces.
You spent 3670 gold pieces at shops.

Inventory:

Hand Weapons
 g - the +8 arc blade {discharge, rElec}
   (You found it on level 3 of the Crypt)

   It occasionally unleashes powerful arcs of lightning upon striking a foe.
   These may arc to other adjacent creatures (including the wielder, but dealing
   reduced damage to them) before grounding out.
   rElec:     It insulates you from electricity.
 i - the +27 heavy crossbow "Sniper" {heavy, Acc+∞ SInv}
   (You found it on level 4 of the Vaults)

   Any ammunition fired from it never misses its target.
   SInv:      It lets you see invisible.
 j - a +6 long sword of holy wrath
 k - a +8 antimagic double sword (weapon)
 C - the +6 rapier "Tiveof" {venom, rF- rN+++ Str-4 Int+9}
   (You found it on level 2 of the Depths)

   Str:       It affects your strength (-4).
   Int:       It affects your intelligence (+9).
   rF:        It makes you vulnerable to fire.
   rN:        It renders you almost immune to negative energy.
 Q - the +8 great sword of Foummam {protect, rPois}
   (You found it on level 1 of the Orcish Mines)

   rPois:     It protects you from poison.
 R - a +2 demon blade of flaming
 S - the +11 falchion of a Billion Nightingales {heavy, rPois rN+ Dex+3}
   (You bought it in a shop on level 2 of the Orcish Mines)

   Dex:       It affects your dexterity (+3).
   rPois:     It protects you from poison.
   rN:        It protects you from negative energy.
 X - a +4 great sword of freezing
Missiles
 d - 3 throwing nets
 O - 12 curare-tipped darts
Armour
 c - a +0 hat of willpower (worn)
 p - a +2 pair of boots (worn)
 q - the +4 cloak of Responsibility (worn) {rF+ Str+4}
   (You found it in a Gauntlet)

   Str:       It affects your strength (+4).
   rF:        It protects you from fire.
 x - the +2 pair of gloves of the Arena (worn) {Will++ Str+3}
   (You found it on level 10 of the Dungeon)

   Str:       It affects your strength (+3).
   Will:      It greatly increases your willpower.
 E - the +0 kite shield of the Land of Plenty (worn) {Rampage Will+ Int-4}
   (You bought it in a shop on level 2 of the Orcish Mines)

   Int:       It affects your intelligence (-4).
   Rampage:   It bestows one free step when moving towards enemies.
   Will:      It increases your willpower.
 N - the +4 moon troll leather armour (worn) {Spirit, Regen++ MP+5}
   (You bought it in a shop on level 1 of the Snake Pit)

   MP:        It affects your magic capacity (+5).
   Regen:     It increases your rate of health regeneration.
Jewellery
 b - the ring "Huerohe" (left hand) {Will+ MP+9 Dex+6}
   (You took it off a yaktaur captain on level 5 of the Vaults)

   [ring of magical power]

   Dex:       It affects your dexterity (+6).
   MP:        It affects your magic capacity (+9).
   Will:      It increases your willpower.
 f - the ring of Geihoang {rF+++ Will- Int-2 Dex+6 SInv}
   (You took it off a deep elf annihilator on level 3 of the Elven Halls)

   [ring of dexterity]

   Int:       It affects your intelligence (-2).
   Dex:       It affects your dexterity (+6).
   rF:        It renders you almost immune to fire.
   SInv:      It lets you see invisible.
   Will:      It decreases your willpower.
 y - the ring of Scepticism {Drain Fly rF++ Slay+6}
   (You found it in the Desolation of Salt)

   [ring of flight]

   Slay:      It affects your accuracy & damage with ranged weapons and melee
   (+6).
   rF:        It greatly protects you from fire.
   Fly:       It grants you flight.
   Drain:     It drains your maximum health when unequipped.
 A - the ring "Qysiwn" (right hand) {Ice *Slow rElec rCorr Dex+5}
   (You took it off a kobold on level 10 of the Dungeon)

   [ring of ice]

   It enhances your ice magic.
   Dex:       It affects your dexterity (+5).
   rF:        It makes you vulnerable to fire.
   rC:        It protects you from cold.
   rElec:     It insulates you from electricity.
   rCorr:     It protects you from acid and corrosion.
   *Slow:     It may slow you when you take damage.
 F - an amulet of reflection (around neck)
 T - the ring of Mokh {Wiz rF+ rC- rN+}
   (You found it on level 3 of the Swamp)

   [ring of wizardry]

   It improves your spell success rate.
   rF:        It protects you from fire.
   rC:        It makes you vulnerable to cold.
   rN:        It protects you from negative energy.
 Z - the necklace of Bloodlust {*Rage Will++ Int-3 Slay+6}
   (You found it on level 1 of the Orcish Mines)

   [amulet of nothing]

   It extends the wearer's berserk rage when killing foes.
   Int:       It affects your intelligence (-3).
   Slay:      It affects your accuracy & damage with ranged weapons and melee
   (+6).
   *Rage:     It berserks you when you make melee attacks (+50% chance).
   Will:      It greatly increases your willpower.
Wands
 a - a wand of mindburst (39)
 e - a wand of paralysis (45) (quivered)
 h - a wand of roots (29)
 D - a wand of flame (18)
 L - a wand of acid (30)
 U - a wand of digging (9)
Scrolls
 o - 4 scrolls of magic mapping
 t - 6 scrolls of teleportation
 u - 3 scrolls of summoning
 w - 2 scrolls of torment
 z - 4 scrolls of brand weapon
 G - 9 scrolls of poison
 J - 5 scrolls of fog
Potions
 l - 5 potions of cancellation
 m - a potion of heal wounds
 n - 5 potions of berserk rage
 r - 6 potions of mutation
 s - 4 potions of ambrosia
 v - 12 potions of curing
 B - 9 potions of lignification
 H - 7 potions of might
 I - 10 potions of flight
 K - 7 potions of haste
 M - 3 potions of magic
 V - a potion of resistance
 W - 9 potions of invisibility
Miscellaneous
 P - a phial of floods
 Y - a lightning rod (4/4)


   Skills:
 O Level 27 Fighting
 O Level 27 Long Blades
 - Level 0.6 Axes
 - Level 0.5 Staves
 - Level 0.5 Ranged Weapons
 - Level 2.0 Throwing
 - Level 7.3 Armour
 + Level 25.5 Dodging
 - Level 11.0 Stealth
 - Level 18.2 Shields
 - Level 8.0 Spellcasting
 - Level 6.5 Conjurations
 - Level 0.7 Hexes
 - Level 0.5 Summonings
 - Level 0.4 Necromancy
 - Level 10.7 Translocations
 - Level 1.0 Transmutations
 - Level 0.3 Fire Magic
 - Level 0.3 Air Magic
 - Level 0.4 Earth Magic
 - Level 0.7 Poison Magic
 - Level 13.0 Invocations


You had 21 spell levels left.
You knew the following spells:

 Your Spells              Type           Power      Damage    Failure   Level
a - Blink                 Tloc           30%        N/A       1%          2
b - Ozocubu's Armour      Ice            3%         N/A       75%         3
c - Frozen Ramparts       Ice            6%         1d1       75%         3
d - Kindle Blastsparks    Fire/Tloc/Air  14%        2d11      24%         3
e - Iskenderun's Mystic   Conj/Tloc      12%        2d5       11%         4
f - Dispersal             Tloc           7%         N/A       56%         6

Your spell library contained the following spells:

 Spells                   Type           Power      Damage    Failure   Level
 Apportation              Tloc           30%        N/A       1%          1
 Momentum Strike          Conj/Tloc      24%        3d8       1%          2
 Gell's Gravitas          Tloc           15%        N/A       1%          3
 Lesser Beckoning         Tloc           30%        N/A       1%          3
 Teleport Other           Tloc           15%        N/A       1%          3
 Magic Dart               Conj           40%        1d5       2%          1
 Passage of Golubria      Tloc           15%        N/A       4%          4
 Kiss of Death            Conj/Necr      24%        2d7       9%          1
 Shock                    Conj/Air       24%        1d4       9%          1
 Foxfire                  Conj/Fire      24%        2x1d5     10%         1
 Portal Projectile        Hex/Tloc       18%        N/A       11%         3
 Static Discharge         Conj/Air       12%        2-3/arc   14%         2
 Sting                    Tmut/Pois      12%        1d3       26%         1
 Dazzling Flash           Conj/Hex       12%        N/A       26%         3
 Summon Small Mammal      Summ           12%        N/A       30%         1
 Hailstorm                Conj/Ice       9%         3d4       30%         3
 Necrotise                Necr           8%         1d4       32%         1
 Freeze                   Ice            12%        1d3       36%         1
 Wereblood                Tmut           3%         N/A       36%         2
 Mephitic Cloud           Conj/Pois/Air  5%         N/A       38%         3
 Call Imp                 Summ           3%         N/A       41%         2
 Poisonous Vapours        Pois/Air       6%         N/A       43%         2
 Sublimation of Blood     Necr           2%         N/A       43%         2
 Call Canine Familiar     Summ           3%         N/A       65%         3
 Confusing Touch          Hex            3%         N/A       65%         3
 Ignite Poison            Fire/Tmut/Pois 3%         N/A       65%         3
 Summon Guardian Golem    Hex/Summ       3%         N/A       65%         3
 Tukima's Dance           Hex            3%         N/A       65%         3
 Inner Flame              Hex/Fire       3%         N/A       67%         3
 Vampiric Draining        Necr           2%         2d6       67%         3
 Flame Wave               Conj/Fire      6%         2d5       67%         4
 Sticky Flame             Conj/Fire      6%         2d3       67%         4
 Swiftness                Air            2%         N/A       69%         3
 Irradiate                Conj/Tmut      3%         3d12      92%         5
 Lightning Bolt           Conj/Air       3%         1d14      94%         5
 Petrify                  Tmut/Erth      3%         N/A       95%         4
 Fireball                 Conj/Fire      3%         3d4       95%         5
 Cause Fear               Hex            1%         N/A       96%         4
 Leda's Liquefaction      Hex/Erth       1%         N/A       96%         4
 Olgreb's Toxic Radiance  Pois           3%         N/A       96%         4
 Airstrike                Air            1%         2d(1-17)  97%         4
 Dispel Undead            Necr           2%         3d7       97%         4
 Summon Lightning Spire   Summ/Air       2%         N/A       97%         4
 Freezing Cloud           Conj/Ice/Air   3%         6-21      99%         5
 Agony                    Necr           2%         N/A       100%        5
 Blade Hands              Tmut           1%         N/A       100%        5
 Metabolic Englaciation   Hex/Ice        2%         N/A       100%        5
 Silence                  Hex/Air        1%         N/A       100%        5
 Yara's Violent Unravell  Hex/Tmut       1%         3d3       100%        5
 Conjure Ball Lightning   Conj/Air       3%         3x3d6     100%        6
 Simulacrum               Ice/Necr       1%         N/A       100%        6
 Starburst                Conj/Fire      3%         6d3       100%        6
 Statue Form              Tmut/Erth      2%         N/A       100%        6
 Summon Cactus Giant      Summ           1%         N/A       100%        6
 Enfeeble                 Hex            1%         N/A       100%        7
 Monstrous Menagerie      Summ           1%         N/A       100%        7
 Orb of Destruction       Conj           5%         9d5       100%        7
 Ozocubu's Refrigeration  Ice            1%         4d7       100%        7
 Spellforged Servitor     Conj/Summ      3%         N/A       100%        7
 Storm Form               Tmut/Air       1%         N/A       100%        7
 Summon Hydra             Summ           1%         N/A       100%        7
 Discord                  Hex            1%         N/A       100%        8
 Disjunction              Tloc           7%         N/A       100%        8
 Lehudib's Crystal Spear  Conj/Erth      3%         10d2      100%        8
 Maxwell's Capacitive Co  Air            1%         ∞         100%        8
 Chain Lightning          Conj/Air       3%         3d4       100%        9
 Polar Vortex             Ice            1%         N/A       100%        9


Dungeon Overview and Level Annotations

Branches:
Dungeon (15/15)            Temple (1/1) D:4            Lair (5/5) D:9
  Swamp (4/4) Lair:3        Snake (4/4) Lair:3        Slime (5/5) Lair:4
    Orc (2/2) D:12            Elf (3/3) Orc:2        Vaults (5/5) D:14
  Crypt (3/3) Vaults:3       Tomb (1/3) Crypt:3      Depths (4/4) D:15
   Hell (visited)             Dis (0/7) Hell            Geh (0/7) Hell
    Coc (1/7) Hell            Tar (0/7) Hell        Ossuary (visited)
  IceCv (visited)         Volcano (visited)         Desolation (visited)
Gauntlet (visited)
    Zot: Depths:4

Altars:
Ashenzari
Cheibriados
Dithmenos
Elyvilon
Fedhas
Gozag
Hepliaklqana
Kikubaaqudgha
Makhleb
Nemelex Xobeh
Okawaru
Qazlal
Ru
Sif Muna
Trog
Uskayaw
Vehumet
Wu Jian
Xom
Yredelemnul
Zin
The Shining One
Jiyva

Shops:
D:14 *[?:(   Orc:2 [=(*   Elf:1 =:   Elf:2 *   Elf:3 ?   Snake:1 !([
Snake:2 (   Snake:4 :(!**!   Vaults:1 :   Vaults:3 :(

Portals:
Hell: Depths:1* Depths:2 Depths:3
Abyss: Depths:3
Pandemonium: Depths:1 Depths:2

Annotations:
Lair:2 exclusion: oklob plant
Slime:5 Royal Jelly
Tomb:1 exclusion: obsidian statue


Innate Abilities, Weirdness & Mutations

Your life essence is reduced to manifest your ancestor. (-10% HP)
((You are very nimble when in or above water. (Stealth+, EV+, Speed+++)))
Your lower body shifts to a powerful aquatic tail in water.
You have a pair of small horns on your head.
You sometimes lose your temper in combat.
Your flesh is cold resistant. (rC+)
You are occasionally teleported next to monsters.


Message History

The fireball engulfs the hell hog.
The hell hog completely resists.
The fireball engulfs the hell hog.
The hell hog completely resists.
You hear a horrible gurgling sound! x2; You hear a deafening roar!
Press: ? - help, v - describe, . - travel, g - get item
Here: a hell hog
Items here: ( ) [ †.
The floor, spattered with blood.
Unknown command.
Casting: Frozen Ramparts (mildly dangerous; 75% risk of failure)
Confirm with . or Enter, or press ? or * to list all spells.
You blink.
An ice dragon comes into view.
The ice dragon roars deafeningly!
The hell hog breathes fire at you.
The fireball explodes!
The fireball engulfs you! The hell hog breathes fire at you.
The fireball explodes!
The fireball engulfs you!!
* * * LOW HITPOINT WARNING * * *
A necromancer comes into view. It is wielding a +0 dagger.
You hear an angry squeal.
You hear a shout!
You hear an angry squeal.
You feel stable enough to blink again. The hell hog breathes fire at you.
The fireball explodes!
The fireball engulfs you!!!
* * * LOW HITPOINT WARNING * * *
You hear an angry squeal.
You hear a trumpeting!
Okay, then.
Okay, then.
Okay, then.
You feel much better. The hell hog breathes fire at you.
The fireball explodes!
The fireball engulfs the hell hog.
The hell hog completely resists.
The fireball engulfs the hell hog.
The hell hog completely resists.
The fireball engulfs you!!
* * * LOW HITPOINT WARNING * * *
You block the hell hog's attack. x2
A hell hog comes into view.
The hell hog completely misses you. The hell hog breathes fire at you.
The fireball explodes!
The fireball engulfs you!!
You die...

######## #......#
#......# #.....<#
#...@..# #.Dhhh.#
#....†.#
#####..hh..#####.##
...........†?.....#
............†.....#
####........p.....
#.)##..$.h.....
#)†##..........


You could see an ice dragon, 6 hell hogs and a necromancer.

Vanquished Creatures
  3 ancient liches
  2 royal mummies
  Boris (Depths:3)
  Vv (Crypt:1)
  the Lernaean hydra (Swamp:4)
  Saint Roka (Vaults:3)
  Xtahua (Crypt:1)
  Nikola (Depths:2)
  2 golden dragons (Depths:4)
  Jory (Depths:3)
  A tentacled monstrosity (Vaults:4)
  A lich (Depths:3)
  Mlioglotl (Swamp:4)
  A walking crystal tome (Depths:2)
  A titan (Vaults:5)
  Rupert (Lair:4)
  2 quicksilver dragons
  2 deep elf blademasters (Elf:3)
  2 ancient champions
  10 acid blobs
  A thorn hunter (Swamp:4)
  4 tengu reavers
  5 sphinxes
  2 shadow dragons
  2 storm dragons
  4 rockslimes
  10 azure jellies
  A fenstrider witch (Swamp:1)
  4 fire giants
  A nagaraja (Snake:2)
  4 frost giants
  2 revenants
  2 iron dragons
  An imperial myrmidon (Desolation)
  10 vault wardens
  2 juggernaut zombies (Hell)
  5 curse skulls
  4 deep elf sorcerers (Elf:3)
  A balrug (Hell)
  A spectral caustic shrike (Depths:3)
  2 spectral juggernauts (Depths:3)
  3 deep elf elementalists (Elf:3)
  A juggernaut skeleton (Crypt:1)
  2 orc warlords
  12 stone giants
  12 quicksilver oozes
  9 ironbound thunderhulks
  4 war gargoyles
  4 vampire knights
  11 ironbound preservers
  9 very ugly things
  2 dire elephants
  4 eleionomae
  4 deep elf demonologists
  4 bunyips
  A lorocyproca (Depths:3)
  4 deep elf annihilators
  4 spark wasps (Depths:3)
  A white draconian (Depths:4)
  Azrael (Orc:2)
  A minotaur (Gauntlet)
  A halazid warlock (Desolation)
  An eidolon (Depths:3)
  5 fire dragons
  5 crystal guardians
  10 ettins
  A blizzard demon (Hell)
  2 iron golems (Hell)
  4 deep elf death magi
  6 mummy priests
  A shambling mangrove (Swamp:4)
  2 entropy weavers
  A deep elf high priest (Elf:3)
  13 yaktaur captains
  4 jiangshi
  A spectral spriggan (Depths:3)
  A spectral golden dragon (Depths:3)
  3 ragged hierophants (Desolation)
  A servant of whispers (Desolation)
  7 great orbs of eyes
  3 spriggan zombies
  4 ice dragons
  22 vault guards
  A caustic shrike simulacrum (Depths:3)
  16 hydras
  11 peacekeepers
  2 hell beasts
  5 ogre magi
  3 juggernaut simulacra
  A spriggan air mage (Depths:2)
  13 centaur warriors
  A boulder beetle (D:11)
  11 anacondas
  14 two-headed ogres
  2 death knights
  5 alligators
  7 ironbound frosthearts
  14 naga warriors
  8 hell hogs
  7 death scarabs (Tomb:1)
  3 deep troll earth magi
  2 deep troll shamans (Depths:2)
  4 vampire magi
  5 tengu warriors
  2 death yaks (Lair:4)
  12 dancing weapons
  2 shock serpents
  8 naga sharpshooters
  2 spriggan berserkers
  Nergalle (D:12)
  15 hell knights
  An orc high priest (Elf:3)
  4 soul eaters
  15 deep elf knights
  A sun demon (Depths:3)
  12 skeletal warriors
  3 iron trolls
  A shadow wraith (Depths:3)
  3 flayed ghosts (Depths:3)
  2 salamander mystics
  3 goliath frogs
  A glowing orange brain (Slime:5)
  2 golden dragon zombies
  2 death drakes
  A sea snake (shapeshifter) (Vaults:4)
  4 spriggan druids
  21 deep trolls
  A sea snake (Snake:1)
  4 bog bodies
  A spriggan simulacrum (Depths:3)
  10 deep elf archers
  9 wizards
  2 anaconda skeletons (Volcano)
  6 lindwurms
  10 swamp dragons
  A naga ritualist (Snake:2)
  Pikel (Temple)
  6 necromancers
  A golden dragon skeleton (Depths:2)
  10 ironbound convokers
  7 deep elf pyromancers
  24 deep elf zephyrmancers
  An orange crystal statue (IceCv)
  8 phantasmal warriors
  A tengu zombie (Hell)
  4 frost giant zombies
  4 harpies (Vaults:1)
  4 mana vipers
  A cyclops (D:15)
  4 shining eyes
  3 orc knights
  An iron dragon skeleton (Depths:3)
  An orc sorcerer (Vaults:5)
  7 salamanders
  2 manticores
  3 fire giant zombies (Hell)
  A dire elephant zombie (Crypt:2)
  31 ugly things
  6 elephants
  A will-o-the-wisp (Swamp:2)
  25 black mambas
  A moth of wrath (Orc:1)
  5 rust devils
  2 eyes of devastation (Slime:5)
  A titan simulacrum (Depths:3)
  A centaur zombie (Tomb:1)
  A frost giant skeleton (Crypt:1)
  12 naga magi
  9 vault sentinels
  3 guardian serpents
  7 gargoyles
  A stone giant skeleton (Hell)
  5 molten gargoyles
  4 torpor snails (Lair:5)
  A death yak zombie (Crypt:1)
  A smoke demon (Hell)
  11 cane toads
  A rime drake (Lair:2)
  A hellion (Depths:1)
  5 freezing wraiths
  A minotaur zombie (Crypt:1)
  5 kobold demonologists
  A tengu conjurer (Depths:1)
  28 guardian mummies
  A pale draconian skeleton (Crypt:3)
  2 golden dragon simulacra
  An efreet (D:13)
  A yellow draconian skeleton (Crypt:3)
  An ice devil (Depths:1)
  7 komodo dragons
  22 yaktaurs
  A spectral naga (Snake:2)
  A grey draconian skeleton (Crypt:2)
  A purple draconian skeleton (Crypt:2)
  A silent spectre (Orc:1)
  9 trolls
  A polar bear (shapeshifter) (D:15)
  16 hornets
  9 tyrant leeches
  A tarantella (shapeshifter) (Elf:1)
  18 polar bears
  4 raiju (Lair:5)
  24 saltlings (Desolation)
  4 blink frogs (Lair:5)
  An ettin zombie (Crypt:1)
  An iron dragon simulacrum (Depths:3)
  A snapping turtle (shapeshifter) (Vaults:5)
  2 harpy skeletons (Volcano)
  A stone giant simulacrum (Hell)
  80 slime creatures
  2 alligator skeletons (Volcano)
  10 spriggans
  2 shadows (D:12)
  8 flying skulls
  2 water elementals (Elf:3)
  An air elemental (Elf:3)
  7 wyverns
  3 wraiths
  10 ushabtiu
  3 fire elementals
  A neqoxec (Depths:1)
  30 yaks
  Grum (D:8)
  13 humans (D:14)
  3 steam dragons
  A chaos spawn (Depths:1)
  8 vampire mosquitoes
  2 basilisks
  18 swamp worms
  Menkaure (D:5)
  Edmund (D:5)
  A glowing shapeshifter zombie (Hell)
  A deep troll zombie (Crypt:2)
  33 nagas
  4 wargs
  12 hell hounds
  2 acid dragons (D:12)
  2 floating eyes
  9 water moccasins
  8 swamp drakes
  2 merfolk skeletons
  23 orc warriors
  An ettin simulacrum (Coc:1)
  2 sky beasts
  4 great orb of eyes simulacra (IceCv)
  9 black bears
  3 boggarts
  17 ogres
  A swamp dragon skeleton (Crypt:1)
  20 wolves
  5 slime creature simulacra (IceCv)
  24 centaurs
  A phantom (D:7)
  3 lemures (D:4)
  4 kobold brigands
  A yaktaur zombie (Crypt:3)
  Blork the orc (D:6)
  A hog skeleton (Crypt:2)
  4 earth elementals
  11 bullfrogs
  6 glowing shapeshifter simulacra
  4 scorpions
  10 wights
  Dowan (D:5)
  4 killer bees
  A troll zombie (D:12)
  A killer bee (shapeshifter) (Depths:2)
  6 spriggan skeletons
  An electric eel (Snake:1)
  5 howler monkeys
  2 troll skeletons
  5 jellies
  3 hounds
  13 orc priests
  A bullfrog skeleton (Crypt:3)
  3 gnoll boudas
  4 iguanas
  23 orc wizards
  3 hell rats
  4 ogre zombies (D:12)
  A naga skeleton (Volcano)
  A tengu skeleton (Crypt:3)
  13 mummies
  12 gnolls
  5 river rats (Lair:1)
  4 adders
  2 shadow imps
  3 white imps
  5 ufetubi
  5 worms
  A dart slug (D:2)
  60 orcs
  9 endoplasms
  5 giant cockroaches
  6 goblins
  A hobgoblin (D:4)
  7 jackals
  6 quokkas
  9 ball pythons
  5 bats
  3 frilled lizards
  2 gnoll zombies (Ossuary)
  2 goblin zombies
  A hobgoblin skeleton (D:12)
  4 hobgoblin zombies
  20 kobolds
  A kobold zombie (Ossuary)
  2 orc skeletons (D:12)
  6 orc zombies (D:12)
  7 rats
  6 briar patches (Swamp:3)
1717 creatures vanquished.

Vanquished Creatures (collateral kills)
  Dissolution (Slime:2)
  A dread lich (Vaults:5)
  A juggernaut (Depths:4)
  A royal mummy (Tomb:1)
  Frederick (Vaults:4)
  Parghit (Depths:3)
  Margery (Vaults:4)
  Geryon (Hell)
  Jorgrun (D:15)
  2 liches
  2 titans (Vaults:5)
  8 sphinxes
  6 acid blobs
  A thorn hunter (Swamp:4)
  Donald (Vaults:1)
  7 tengu reavers (Vaults:5)
  5 nagarajas (Snake:4)
  A revenant (Tomb:1)
  A balrug (Hell)
  6 azure jellies
  5 fire giants
  6 rockslimes
  A nargun (Coc:1)
  5 frost giants
  An iron dragon (Hell)
  The ghost of Qogig the Brawler, a journeyman TrCA of Jiyva (D:15)
  7 vault wardens
  An imperial myrmidon (Desolation)
  5 deep elf sorcerers
  Louise (Elf:2)
  2 deep elf elementalists
  A spectral juggernaut (Depths:3)
  3 ironbound preservers
  2 reapers
  A war gargoyle (Vaults:1)
  2 quicksilver oozes
  7 stone giants
  A deep elf demonologist (Vaults:5)
  14 very ugly things
  A spriggan defender (Depths:2)
  An ironbound thunderhulk (Vaults:1)
  2 vampire knights
  A deep elf annihilator (Elf:3)
  2 crystal guardians (Vaults:3)
  A fire dragon (Depths:2)
  A bunyip (Swamp:3)
  An iron golem (Hell)
  4 eidola
  7 ettins
  3 deep elf death magi
  6 mummy priests
  4 ragged hierophants (Desolation)
  3 yaktaur captains
  9 jiangshi
  A shambling mangrove (Swamp:3)
  A servant of whispers (Desolation)
  4 great orbs of eyes
  9 hydras
  A rakshasa (Depths:2)
  8 peacekeepers
  A spriggan zombie (Hell)
  14 vault guards
  Erolcha (Orc:1)
  3 hell beasts (Depths:3)
  Erica (Orc:1)
  3 ice dragons
  3 ironbound frosthearts
  An ogre mage (Orc:2)
  An anaconda (Snake:2)
  2 deep troll shamans
  9 centaur warriors
  2 alligators
  5 two-headed ogres
  15 dancing weapons
  An alligator (shapeshifter) (Vaults:5)
  5 naga warriors
  3 death yaks (Lair:4)
  5 death scarabs (Tomb:1)
  A deep troll earth mage (Depths:2)
  5 vampire magi
  A tengu warrior (Depths:1)
  A hell hog (Hell)
  3 naga sharpshooters
  8 hell knights
  A storm dragon zombie (Depths:2)
  5 deep elf knights
  A sun demon (Hell)
  An iron troll (Depths:1)
  An emperor scorpion zombie (Crypt:3)
  A shadow wraith (Depths:3)
  A sixfirhy (Gauntlet)
  2 spriggans (Swamp:3)
  3 skeletal warriors
  A death drake (Swamp:2)
  A glowing orange brain (D:15)
  2 swamp dragons (Swamp:4)
  4 bog bodies
  A sea snake (shapeshifter) (Depths:1)
  3 naga ritualists
  15 deep trolls
  A golden dragon skeleton (Depths:3)
  4 deep elf archers
  An ironbound convoker (Vaults:2)
  An orange crystal statue (IceCv)
  5 lindwurms
  4 necromancers
  6 phantasmal warriors
  4 wizards
  A sphinx zombie (Crypt:2)
  8 deep elf pyromancers
  7 deep elf zephyrmancers
  3 mana vipers (Snake:3)
  An iron dragon zombie (Depths:3)
  15 ugly things
  5 shining eyes
  5 cyclopes
  A salamander (shapeshifter) (Vaults:5)
  A manticore (D:13)
  2 salamanders
  An eye of devastation (shapeshifter) (Vaults:1)
  2 elephants (Lair:5)
  A demonic crawler (Hell)
  10 black mambas
  A gargoyle (Volcano)
  A guardian serpent (Desolation)
  2 eyes of devastation (D:15)
  2 rust devils (Hell)
  2 smoke demons (Hell)
  5 molten gargoyles
  3 naga magi
  2 torpor snails (Lair:5)
  An unseen horror (shapeshifter) (D:13)
  4 cane toads
  7 vault sentinels
  A minotaur zombie (Crypt:2)
  11 yaktaurs
  A red draconian zombie (Crypt:1)
  4 freezing wraiths
  2 unseen horrors
  A spectral naga (Snake:2)
  A komodo dragon (Lair:4)
  A tengu conjurer (D:14)
  An efreet (D:10)
  An ice devil (Hell)
  14 guardian mummies
  2 trolls
  3 tyrant leeches
  A harpy skeleton (Volcano)
  2 blink frogs (Lair:5)
  9 hornets
  21 saltlings (Desolation)
  An iron dragon simulacrum (Coc:1)
  A stone giant simulacrum (Coc:1)
  A culicivora (shapeshifter) (D:10)
  10 flying skulls
  A culicivora (Vaults:1)
  63 slime creatures
  4 wraiths
  3 fire elementals
  A wyvern (D:8)
  2 shadows (D:12)
  9 ushabtiu
  14 yaks
  A golden eye (Slime:5)
  A golden eye (shapeshifter) (Vaults:5)
  5 humans (D:14)
  3 basilisks
  2 wargs (Lair:5)
  2 redbacks
  5 vampire mosquitoes
  19 nagas
  7 swamp worms
  3 water moccasins
  9 hell hounds
  6 swamp drakes
  Duvessa (D:5)
  10 orc warriors
  7 black bears
  An elephant zombie (Crypt:2)
  5 ogres
  4 centaurs
  A boggart (Vaults:1)
  6 wolves
  5 slime creature simulacra (IceCv)
  2 kobold brigands (D:8)
  6 bullfrogs
  A gnoll sergeant (D:10)
  An earth elemental (Elf:3)
  A glowing shapeshifter simulacrum (IceCv)
  2 scorpions (D:6)
  4 wights
  4 killer bees
  A howler monkey (D:10)
  A raiju zombie (Crypt:1)
  A spriggan skeleton (Volcano)
  A lava snake (D:8)
  4 orc priests
  A hound (D:6)
  3 jellies
  A gnoll bouda (D:6)
  A human skeleton (Crypt:1)
  5 orc wizards
  3 hell rats
  An ogre zombie (D:12)
  An ogre skeleton (Crypt:2)
  15 mummies
  2 gnolls
  4 river rats (Lair:1)
  A white imp (Gauntlet)
  An ufetubus (Gauntlet)
  An adder zombie (Crypt:3)
  27 orcs
  10 kobolds
  A goblin skeleton (D:12)
  A hobgoblin skeleton (D:12)
  2 hobgoblin zombies
  A kobold zombie (Ossuary)
  5 orc zombies
  6 briar patches
  A bush (Depths:2)
853 creatures vanquished.

Vanquished Creatures (others)
  A rakshasa (Depths:1)
  A juggernaut simulacrum (Coc:1)
  2 deep elf knights
  A deep elf zephyrmancer (Elf:2)
  A vault sentinel (Vaults:2)
  3 bloated husks
  3 saltlings (Desolation)
  A naga (Snake:4)
  A swamp worm (Swamp:2)
  A wolf (Lair:5)
  An orc priest (Elf:3)
  67 battlemagi
  An orc wizard (D:6)
  2 hell rats (Hell)
  5 ancestors
  8 bushes (Depths:2)
  3 foxfires (Swamp:2)
  2 fungi
  39 plants
  24 withered plants (Gauntlet)
167 creatures vanquished.

Grand Total: 2737 creatures vanquished

Notes
Turn   | Place    | Note
-------+----------+-------------------------------------------
     0 | D:1      | Leeroy the Merfolk Gladiator began the quest for the Orb.
     0 | D:1      | Reached XP level 1. HP: 16/16 MP: 1/1
    74 | D:1      | Reached XP level 2. HP: 6/22 MP: 2/2
   259 | D:1      | You fall into a shaft and drop 1 floor!
   364 | D:2      | Reached skill level 5 in Long Blades
   364 | D:2      | Reached XP level 3. HP: 22/27 MP: 3/3
   794 | D:2      | Reached XP level 4. HP: 31/33 MP: 4/4
  1688 | D:3      | Reached XP level 5. HP: 38/38 MP: 5/5
  2029 | D:4      | Found a staircase to the Ecumenical Temple.
  2058 | Temple   | Entered the Ecumenical Temple
  2150 | Temple   | Became a worshipper of Hepliaklqana the Forgotten
  2181 | D:4      | Noticed a lemure
  2204 | Temple   | Reached skill level 1 in Shields
  2322 | D:4      | Killed a lemure
  2326 | D:4      | Reached XP level 6. HP: 42/44 MP: 6/6
  2337 | D:4      | Noticed Pikel
  2524 | Temple   | Killed Pikel
  2525 | Temple   | Reached skill level 10 in Long Blades
  2525 | Temple   | Reached XP level 7. HP: 27/50 MP: 7/7
  2746 | D:4      | Found a shimmering altar of Xom.
  2949 | D:4      | Found a bloodstained altar of Trog.
  2949 | D:4      | Found a basalt altar of Yredelemnul.
  3019 | D:4      | Found a shadowy altar of Dithmenos.
  3021 | D:4      | Found a faded altar of an unknown god.
  3023 | D:4      | Found a faded altar of an unknown god.
  3173 | D:5      | Entered Level 5 of the Dungeon
  3173 | D:5      | Noticed Duvessa
  3173 | D:5      | Noticed Dowan
  3370 | D:5      | Reached XP level 8. HP: 56/56 MP: 8/8
  3893 | D:5      | Noticed Menkaure
  3907 | D:5      | Killed Menkaure
  4676 | D:5      | Killed Dowan
  4743 | D:5      | Noticed Edmund
  4773 | D:5      | Killed Edmund
  5018 | D:6      | Noticed a cyclops
  5045 | D:7      | Found a sand-covered staircase.
  5103 | Ossuary  | Entered an ossuary
  5121 | Ossuary  | Reached * piety under Hepliaklqana
  5392 | D:7      | Reached XP level 9. HP: 44/54 MP: 9/9
  5436 | D:6      | Noticed Blork the orc
  5701 | D:7      | Reached skill level 5 in Dodging
  5839 | D:7      | Noticed a kobold demonologist
  5841 | D:7      | Noticed an orange demon
  6089 | D:8      | Noticed Grum
  6108 | D:8      | Noticed a two-headed ogre
  6149 | D:8      | Reached skill level 10 in Dodging
  6167 | D:8      | Reached XP level 10. HP: 27/60 MP: 10/10
  6187 | D:8      | Killed Grum
  6452 | D:8      | Noticed an ogre mage
  6520 | D:8      | Noticed a brown ugly thing
  6536 | D:8      | Killed a brown ugly thing
  6559 | D:8      | Noticed a two-headed ogre
  6832 | D:7      | Killed a kobold demonologist
  7191 | D:8      | Reached ** piety under Hepliaklqana
  7192 | D:8      | Remembered your ancestor Thulani as a battlemage
  7308 | D:8      | Killed a two-headed ogre
  7324 | D:8      | Noticed a centaur warrior
  7411 | D:8      | Killed a centaur warrior
  7412 | D:8      | Reached skill level 15 in Dodging
  7592 | D:8      | Reached XP level 11. HP: 64/64 MP: 11/11
  7662 | D:8      | Noticed a cyclops
  7669 | D:8      | Killed a cyclops
  7850 | D:8      | Killed a two-headed ogre
  8392 | D:6      | Killed a cyclops
  8718 | D:6      | Identified the +10 mace "Ajixeciuwu" {pain, *Slow rElec
                  | rC+++ Stlth-}
  8965 | D:6      | Killed Blork the orc
  9479 | D:5      | Killed Duvessa
 10519 | D:9      | Reached *** piety under Hepliaklqana
 10568 | D:9      | Found a staircase to the Lair.
 10839 | D:10     | Entered Level 10 of the Dungeon
 11159 | D:10     | Noticed a two-headed ogre
 11166 | D:10     | Killed a two-headed ogre
 11167 | D:10     | Reached XP level 12. HP: 70/70 MP: 12/12
 11208 | D:10     | Noticed a centaur warrior
 11631 | D:10     | Killed a centaur warrior
 11678 | D:10     | Identified the ring "Qysiwn" {Ice *Slow rElec rCorr Dex+5}
 11710 | D:10     | Identified the +2 pair of gloves of the Arena {Will++
                  | Str+3}
 12360 | D:10     | Found an ancient bone altar of Kikubaaqudgha.
 12360 | D:10     | Found an iron altar of Okawaru.
 12360 | D:10     | Found a glowing silver altar of Zin.
 12360 | D:10     | Found a radiant altar of Vehumet.
 12808 | D:11     | Reached skill level 15 in Long Blades
 12975 | D:11     | Noticed a boulder beetle
 13004 | D:11     | Killed a boulder beetle
 13204 | D:11     | Reached **** piety under Hepliaklqana
 13287 | D:11     | Identified the +2 leather armour "Jugor" {Harm rF+ rN+
                  | Int-3}
 13530 | D:12     | Noticed Nergalle
 13538 | D:12     | Killed Nergalle
 13569 | D:12     | Noticed a two-headed ogre
 13577 | D:12     | Killed a two-headed ogre
 13686 | D:12     | Reached skill level 5 in Fighting
 13687 | D:12     | Reached XP level 13. HP: 81/81 MP: 13/13
 13687 | D:12     | Found a staircase to the Orcish Mines.
 14474 | Orc:1    | Entered Level 1 of the Orcish Mines
 14474 | Orc:1    | Noticed Erolcha
 14487 | Orc:1    | Found a radiant altar of Vehumet.
 14492 | Orc:1    | Killed Erolcha
 14621 | Orc:2    | Entered Level 2 of the Orcish Mines
 14692 | Orc:2    | Noticed Azrael
 14712 | Orc:2    | Killed Azrael
 14817 | Orc:2    | Reached ***** piety under Hepliaklqana
 14831 | Orc:2    | Reached skill level 10 in Fighting
 15582 | Orc:2    | Found Siesofre's Jewellery Shop.
 15582 | Orc:2    | Found Qobraol's Assorted Antiques.
 15583 | Orc:2    | Found Avaolotu's Antique Armour Emporium.
 15583 | Orc:2    | Found Nirghyhoru's Antique Weapon Shop.
 15607 | Orc:2    | Reached XP level 14. HP: 104/104 MP: 14/14
 15612 | Orc:2    | Bought a faintly glowing falchion for 224 gold pieces
 15612 | Orc:2    | Identified the +11 falchion of a Billion Nightingales
                  | {heavy, rPois rN+ Dex+3} (You bought it in a shop on level
                  | 2 of the Orcish Mines)
 15615 | Orc:2    | Bought a translucent kite shield for 256 gold pieces
 15615 | Orc:2    | Identified the +0 kite shield of the Land of Plenty
                  | {Rampage Will+ Int-4} (You bought it in a shop on level 2
                  | of the Orcish Mines)
 15873 | Orc:2    | Found a staircase to the Elven Halls.
 16044 | Orc:1    | Found a transporter.
 16046 | Orc:1    | Noticed Erica
 16052 | Orc:1    | Killed Erica
 16296 | Orc:1    | Found a transporter.
 16296 | Orc:1    | Found a runed translucent door.
 16296 | Orc:1    | Found a bloodstained altar of Trog.
 16296 | Orc:1    | Found the necklace of Bloodlust {*Rage Will++ Int-3 Slay+6}
 16312 | Orc:1    | Noticed a deep elf demonologist
 16313 | Orc:1    | Noticed a deep elf demonologist
 16315 | Orc:1    | Noticed a stone giant
 16316 | Orc:1    | Noticed a deep elf elementalist
 16337 | Orc:1    | Killed a stone giant
 16409 | Orc:1    | Noticed a deep elf annihilator
 16410 | Orc:1    | Noticed a deep elf annihilator
 16430 | Orc:1    | Noticed a deep elf elementalist
 16453 | Orc:1    | Identified the +8 great sword of Foummam {protect, rPois}
 16481 | Orc:1    | Identified the +0 crystal plate armour of the Ageless Eyes
                  | {Will+ Regen+ Str+4 Int-5}
 16503 | Orc:1    | Lost intelligence.
 16563 | Orc:1    | Noticed a balrug
 16850 | D:13     | Reached skill level 5 in Shields
 17255 | D:13     | Got the Disquisition on the Brume
 17422 | D:14     | Found Heaqud's Book Shop.
 17435 | D:14     | Found Xyaburr's Weapon Shop.
 17853 | D:14     | Found Isuid's Assorted Antiques.
 17857 | D:14     | Found Fyidaur's Antique Armour Shop.
 17862 | D:14     | Bought a scroll of blinking for 225 gold pieces
 17862 | D:14     | Bought a scroll of enchant weapon for 225 gold pieces
 17862 | D:14     | Bought 2 potions of berserk rage for 300 gold pieces
 17991 | D:14     | Found Duthoefye's Magic Scroll Emporium.
 17999 | D:14     | Bought a scroll of enchant armour for 135 gold pieces
 18002 | D:14     | Bought a scroll of identify for 36 gold pieces
 18002 | D:14     | Bought a scroll of identify for 36 gold pieces
 18047 | D:14     | Reached skill level 10 in Shields
 18166 | D:14     | Found a gate to the Vaults.
 18299 | D:14     | Reached XP level 15. HP: 111/111 MP: 15/15
 18373 | D:15     | Entered Level 15 of the Dungeon
 18374 | D:15     | Found a gate leading to a gauntlet.
 18400 | D:15     | Noticed Jorgrun
 18418 | D:15     | Killed Jorgrun
 18547 | D:15     | Found a staircase to the Depths.
 18547 | D:15     | Noticed a frost giant
 18586 | D:15     | Killed a frost giant
 18663 | D:15     | Found a runed translucent gate.
 18663 | D:15     | Found a runed translucent gate.
 18663 | D:15     | Found a runed translucent gate.
 18666 | D:15     | Noticed Qogig's ghost (journeyman TrCA)
 18666 | D:15     | Noticed an azure jelly
 18668 | D:15     | Noticed an azure jelly
 18944 | Gauntlet | Entered a Gauntlet
 18944 | Gauntlet | Found a transporter.
 18944 | Gauntlet | Found a transporter.
 18944 | Gauntlet | Found a transporter.
 18964 | Gauntlet | Found a transporter.
 18984 | Gauntlet | Found a transporter.
 18995 | Gauntlet | Found a transporter.
 19001 | Gauntlet | Found a transporter.
 19009 | Gauntlet | Found a transporter.
 19026 | Gauntlet | Found a transporter.
 19034 | Gauntlet | Found a transporter.
 19051 | Gauntlet | Found a transporter.
 19074 | Gauntlet | Found a transporter.
 19110 | Gauntlet | Upgraded the game from 0.30-a0-626-gd6a5dd7a1f to
                  | 0.30-a0-629-gd54f4be4f7
 19532 | Gauntlet | Identified the +4 cloak of Responsibility {rF+ Str+4}
 20082 | D:15     | Found a viscous altar of Jiyva.
 21016 | Lair:1   | Entered Level 1 of the Lair of Beasts
 21815 | Lair:2   | Reached ****** piety under Hepliaklqana
 21906 | Lair:2   | Found a dark tunnel.
 21924 | Volcano  | Entered a volcano
 22006 | Volcano  | Reached skill level 15 in Fighting
 23288 | Lair:3   | Found a staircase to the Swamp.
 23425 | Lair:3   | Found a staircase to the Snake Pit.
 23766 | Lair:4   | Reached XP level 16. HP: 128/128 MP: 14/16
 23792 | Lair:4   | Found a staircase to the Slime Pits.
 23792 | Lair:4   | Found a viscous altar of Jiyva.
 23854 | Lair:4   | Learned a level 2 spell: Blink
 23858 | Lair:4   | Learned a level 3 spell: Ozocubu's Armour
 23862 | Lair:4   | Learned a level 3 spell: Frozen Ramparts
 24008 | Lair:4   | Noticed Rupert
 24022 | Lair:4   | Killed Rupert
 24526 | Lair:5   | Entered Level 5 of the Lair of Beasts
 24605 | Lair:5   | Identified the +4 chain mail of Hepliaklqana's Respect
                  | {+Inv Will- SInv}
 25519 | Lair:5   | Found a runed translucent door.
 25844 | Snake:1  | Entered Level 1 of the Snake Pit
 26026 | Snake:1  | Found a frozen archway.
 26087 | Snake:1  | Reached XP level 17. HP: 120/137 MP: 17/17
 26142 | IceCv    | Entered an ice cave
 26342 | IceCv    | Found a viscous altar of Jiyva.
 26736 | IceCv    | HP: 6/137 [titanic slime creature[an orange crystal statue]
                  | (79)]
 27122 | Snake:1  | Found Wajimm's Distillery.
 27124 | Snake:1  | Found Rotapsuw's Weapon Boutique.
 27125 | Snake:1  | Found Iluac's Antique Armour Shop.
 27133 | Snake:1  | Bought a potion of heal wounds for 65 gold pieces
 27133 | Snake:1  | Bought a potion of haste for 130 gold pieces
 27133 | Snake:1  | Bought a potion of curing for 39 gold pieces
 27133 | Snake:1  | Bought a potion of invisibility for 104 gold pieces
 27137 | Snake:1  | Bought the +4 moon troll leather armour {Spirit, Regen++
                  | MP+5} for 1580 gold pieces
 27137 | Snake:1  | Found the +4 moon troll leather armour {Spirit, Regen++
                  | MP+5}
 27471 | Snake:2  | Reached skill level 1 in Transmutations
 27550 | Snake:2  | Reached skill level 1 in Invocations
 27613 | Snake:2  | Found Uteschal's Antique Weapon Emporium.
 27676 | Snake:2  | Reached skill level 5 in Invocations
 28703 | Snake:3  | Identified the +3 shortbow of Generosity {freeze, rC- rN+
                  | Int+5}
 29456 | Snake:4  | Entered Level 4 of the Snake Pit
 29481 | Snake:4  | Reached skill level 10 in Invocations
 29514 | Snake:4  | Found Piocvil's Distillery.
 29520 | Snake:4  | Bought a potion of heal wounds for 75 gold pieces
 29520 | Snake:4  | Bought a potion of curing for 45 gold pieces
 29520 | Snake:4  | Bought a potion of curing for 45 gold pieces
 29520 | Snake:4  | Bought a potion of berserk rage for 75 gold pieces
 29520 | Snake:4  | Bought a potion of berserk rage for 75 gold pieces
 29524 | Snake:4  | Found Codwul's Weapon Boutique.
 29541 | Snake:4  | Reached XP level 18. HP: 144/144 MP: 25/25
 29592 | Snake:4  | Found Racac's Distillery.
 29681 | Snake:4  | Found Wesmaak's Assorted Antiques.
 29689 | Snake:4  | Found Xikkuiff's Assorted Antiques.
 30327 | Snake:4  | Reached skill level 1 in Spellcasting
 30534 | Snake:4  | Got a serpentine rune of Zot
 30701 | Snake:4  | Found Hadeoloa's Book Shop.
 31047 | Swamp:1  | Entered Level 1 of the Swamp
 31716 | Swamp:2  | Reached skill level 5 in Spellcasting
 32166 | Swamp:2  | You fall into a shaft and drop 1 floor!
 32639 | Swamp:3  | Reached skill level 1 in Stealth
 32803 | Swamp:3  | Found a transporter.
 32809 | Swamp:3  | Reached XP level 19. HP: 150/150 MP: 31/31
 32834 | Swamp:3  | Found a transporter.
 33149 | Swamp:3  | Identified the +2 pair of gloves "Isesi" {Rampage Int+2
                  | Dex-5}
 33153 | Swamp:3  | Identified the ring of Mokh {Wiz rF+ rC- rN+}
 33182 | Swamp:4  | Entered Level 4 of the Swamp
 33210 | Swamp:4  | Reached skill level 5 in Stealth
 33254 | Swamp:4  | Noticed Mlioglotl
 33267 | Swamp:4  | Killed Mlioglotl
 33613 | Swamp:4  | Noticed the 27-headed Lernaean hydra
 33636 | Swamp:4  | Reached skill level 1 in Armour
 33861 | Swamp:4  | Killed the 23-headed Lernaean hydra
 33943 | Swamp:4  | Got a decaying rune of Zot
 34500 | Slime:1  | Entered Level 1 of the Pits of Slime
 34898 | Slime:2  | Gained mutation: You occasionally lose the ability to read
                  | scrolls when taking damage. [a shining eye]
 34898 | Slime:2  | Gained mutation: You sometimes lose your temper in combat.
                  | [a shining eye]
 34955 | Slime:2  | Reached skill level 5 in Armour
 35079 | Slime:2  | Noticed Dissolution
 35082 | Slime:2  | Gained mutation: You have hidden genetic defects. [a
                  | shining eye]
 35090 | Slime:2  | Killed Dissolution
 35174 | Slime:2  | Found a viscous altar of Jiyva.
 35222 | Slime:2  | Lost mutation: You have hidden genetic defects. [potion of
                  | mutation]
 35222 | Slime:2  | Lost mutation: You sometimes lose your temper in combat.
                  | [potion of mutation]
 35222 | Slime:2  | Lost mutation: You occasionally lose the ability to read
                  | scrolls when taking damage. [potion of mutation]
 35222 | Slime:2  | Gained mutation: Your movements are slightly less
                  | encumbered by armour. (ER -2) [potion of mutation]
 35222 | Slime:2  | Gained mutation: You have sharp fingernails. [potion of
                  | mutation]
 36110 | Slime:3  | Gained mutation: You sometimes lose your temper in combat.
                  | [a shining eye]
 36113 | Slime:3  | Gained mutation: You are occasionally teleported next to
                  | monsters. [a shining eye]
 36544 | Slime:4  | Reached XP level 20. HP: 156/156 MP: 32/32
 36579 | Slime:4  | Gained mutation: You have hidden genetic defects. [a
                  | shining eye]
 36594 | Slime:4  | Lost mutation: You are occasionally teleported next to
                  | monsters. [potion of mutation]
 36594 | Slime:4  | Lost mutation: Your movements are slightly less encumbered
                  | by armour. (ER -2) [potion of mutation]
 36594 | Slime:4  | Lost mutation: You have hidden genetic defects. [potion of
                  | mutation]
 36594 | Slime:4  | Gained mutation: You are clumsy. (Dex -2) [potion of
                  | mutation]
 36594 | Slime:4  | Lost mutation: You have sharp fingernails. [potion of
                  | mutation]
 36594 | Slime:4  | Gained mutation: You have a somewhat thin skeletal
                  | structure. (Dex +2, Stealth+) [potion of mutation]
 36595 | Slime:4  | Lost mutation: You have a somewhat thin skeletal structure.
                  | (Dex +2, Stealth+) [potion of mutation]
 36595 | Slime:4  | Lost mutation: You sometimes lose your temper in combat.
                  | [potion of mutation]
 36595 | Slime:4  | Lost mutation: You are clumsy. (Dex -2) [potion of
                  | mutation]
 36595 | Slime:4  | Gained mutation: You have a pair of small horns on your
                  | head. [potion of mutation]
 36595 | Slime:4  | Gained mutation: Your flesh is cold resistant. (rC+)
                  | [potion of mutation]
 36641 | Slime:4  | Gained mutation: You sometimes lose your temper in combat.
                  | [a shining eye]
 36968 | Slime:5  | Entered Level 5 of the Pits of Slime
 37113 | Slime:5  | Reached skill level 1 in Translocations
 37132 | Slime:5  | Noticed the Royal Jelly
 37523 | Slime:4  | Reached skill level 5 in Translocations
 38272 | Slime:5  | Found a viscous altar of Jiyva.
 38278 | Slime:5  | Gained mutation: You are occasionally teleported next to
                  | monsters. [a shining eye]
 39032 | Elf:1    | Entered Level 1 of the Elven Halls
 39396 | Elf:1    | Found Ollu's Book Emporium.
 39402 | Elf:1    | Found Cuhiokhe's Jewellery Shoppe.
 40105 | Elf:2    | Reached skill level 15 in Shields
 40128 | Elf:2    | Noticed Louise
 40129 | Elf:2    | Found Katrul's General Store.
 40136 | Elf:2    | Killed Louise
 40249 | Elf:2    | Found a runed translucent gate.
 40250 | Elf:2    | Found a runed translucent gate.
 40250 | Elf:2    | Found a runed translucent gate.
 40489 | Elf:2    | Reached XP level 21. HP: 162/162 MP: 33/33
 41007 | Elf:3    | Entered Level 3 of the Elven Halls
 41288 | Elf:3    | Found Jitas's Magic Scroll Shop.
 41389 | Elf:3    | Identified the +10 plate armour of the Dice {rC- Str+3
                  | Dex+4}
 41670 | Elf:3    | Identified the ring of Geihoang {rF+++ Will- Int-2 Dex+6
                  | SInv}
 41730 | Elf:3    | Identified the +0 hand axe "Starlight" {elec, rElec Dex+2}
 41788 | Elf:3    | HP: 9/243 [smoke demon/divine providence[a deep elf
                  | demonologist] (17)]
 41794 | Elf:3    | HP: 7/243 [deep elf sorcerer/+0 rapier (7)]
 42101 | Vaults:1 | Entered Level 1 of the Vaults
 42207 | Vaults:1 | Found a crumbling gateway.
 42214 | Desolati | Entered the Desolation of Salt
 42506 | Desolati | Identified the ring of Scepticism {Drain Fly rF++ Slay+6}
 42516 | Desolati | Reached XP level 22. HP: 169/169 MP: 11/34
 42595 | Desolati | Identified the +4 flail of Hykkeax {speed, Will+ Str+4
                  | Int-5}
 42692 | Desolati | Got Othogemi's Book of the Numb Shot
 42750 | Desolati | Identified the +7 quarterstaff of Precise Incision {vamp,
                  | rElec rN++ Str-3 SInv}
 42760 | Desolati | Identified the ring "Gezekhly" {Will+ Str+6}
 42766 | Desolati | Identified the +10 great mace "Tebiomij" {venom, rC++ Int+4
                  | Stlth-}
 42794 | Desolati | Got Vehumet's Quarto of Momentum
 43134 | Vaults:1 | Noticed Donald
 43145 | Vaults:1 | Killed Donald
 43489 | Vaults:1 | Identified the +3 ring mail "Fuimp" {*Slow +Inv Str+4
                  | Dex+3}
 43494 | Vaults:1 | Reached skill level 10 in Stealth
 43561 | Vaults:1 | Noticed an ancient lich
 43569 | Vaults:1 | Killed an ancient lich
 44412 | Vaults:1 | Found Kadock's Book Boutique.
 45523 | Vaults:2 | Identified the +0 pair of boots "Xaobbeow" {rF+ Str+4
                  | Int-2}
 46018 | Vaults:2 | Reached XP level 23. HP: 174/174 MP: 12/35
 46132 | Vaults:2 | Reached skill level 10 in Translocations
 46263 | Vaults:2 | You fall into a shaft and drop 2 floors!
 46531 | Vaults:4 | Identified the +0 leather armour of the Solstice {rElec rN+
                  | Str+3}
 46607 | Vaults:4 | Learned a level 3 spell: Kindle Blastsparks
 46947 | Vaults:4 | Found the +27 heavy crossbow "Sniper" {heavy, Acc+∞ SInv}
 47290 | Vaults:4 | Noticed Frederick
 47430 | Vaults:3 | Found a staircase to the Crypt.
 47601 | Vaults:3 | Found Vuef's Weapon Boutique.
 47623 | Vaults:3 | Found Buxaren's Book Shop.
 47753 | Vaults:3 | Noticed Saint Roka
 47777 | Vaults:3 | Killed Saint Roka
 48604 | Vaults:4 | Noticed Margery
 48619 | Vaults:4 | Killed Margery
 48637 | Vaults:4 | Killed Frederick
 49018 | Vaults:5 | Entered Level 5 of the Vaults
 49260 | Vaults:4 | Reached XP level 24. HP: 180/180 MP: 9/35
 49314 | Vaults:5 | Noticed a dread lich
 49438 | Vaults:5 | Identified the ring "Kunobe Neschu" {MP+9 Str+4}
 49464 | Vaults:5 | Identified the +3 quarterstaff of Overwhelming Force
                  | {freeze, rF+ Stlth+}
 49493 | Vaults:5 | Identified the ring "Huerohe" {Will+ MP+9 Dex+6}
 49506 | Vaults:5 | Noticed an ancient lich
 49579 | Vaults:5 | Killed a dread lich
 49810 | Vaults:5 | Killed an ancient lich
 49970 | Vaults:5 | Identified the ring of Pivaiwil {rC+ Will+ Int+4}
 49973 | Vaults:5 | Identified the +5 war axe "Orb Guardian's Bane" {distort,
                  | Int+5}
 50076 | Vaults:5 | Identified the ring of the Solstice {rF+ rC+}
 50109 | Vaults:5 | Got Lufatuag's Papyrus of Electricity and Attendants
 50118 | Vaults:5 | Noticed an ancient lich
 50126 | Vaults:5 | Killed an ancient lich
 50300 | Vaults:5 | Got a silver rune of Zot
 50932 | Vaults:5 | Got the Meditations on Voltage
 51166 | Crypt:1  | Entered Level 1 of the Crypt
 51200 | Crypt:1  | Noticed Xtahua
 51206 | Crypt:1  | Killed Xtahua
 51304 | Crypt:1  | Noticed Vv
 51322 | Crypt:1  | Killed Vv
 51331 | Crypt:1  | Reached skill level 27 in Long Blades
 51333 | Crypt:1  | Reached skill level 1 in Conjurations
 51510 | Crypt:1  | Reached skill level 5 in Conjurations
 52057 | Crypt:2  | Reached XP level 25. HP: 187/187 MP: 16/35
 52063 | Crypt:2  | Learned a level 4 spell: Iskenderun's Mystic Blast
 52631 | Crypt:3  | Entered Level 3 of the Crypt
 53309 | Crypt:3  | Noticed a royal mummy
 53563 | Crypt:3  | Found a staircase to the Tomb.
 53617 | Crypt:3  | Killed a royal mummy
 53847 | Crypt:3  | Identified the +1 leather armour "Zuivexeu" {Will- Int+4}
 54193 | Crypt:3  | Identified the +1 pair of boots of Wonder {rElec rPois
                  | Regen+ Int-4}
 54296 | Crypt:3  | Found the +8 arc blade {discharge, rElec}
 54472 | Crypt:3  | Learned a level 6 spell: Dispersal
 54473 | Tomb:1   | Entered Level 1 of the Tomb of the Ancients
 54603 | Tomb:1   | Noticed a royal mummy
 54603 | Tomb:1   | Noticed a royal mummy
 54604 | Tomb:1   | Noticed a royal mummy
 54605 | Tomb:1   | Noticed a royal mummy
 55242 | Tomb:1   | Noticed a royal mummy
 55251 | Tomb:1   | Killed a royal mummy
 55650 | Tomb:1   | Noticed a royal mummy
 55650 | Tomb:1   | Noticed a royal mummy
 55650 | Tomb:1   | Noticed a royal mummy
 55657 | Tomb:1   | Killed a royal mummy
 55658 | Tomb:1   | Noticed a royal mummy
 57087 | D:15     | Killed Qogig's ghost
 57161 | Depths:1 | Entered Level 1 of the Depths
 57252 | Depths:1 | Found an opulent altar of Gozag.
 57343 | Depths:1 | Found a gateway to Hell.
 57598 | Depths:1 | Found a shimmering blue altar of Sif Muna.
 58001 | Depths:1 | Found a one-way gate leading to the halls of Pandemonium.
 58367 | Depths:2 | Reached XP level 26. HP: 163/206 MP: 11/35
 58563 | Depths:2 | Identified the +6 rapier "Tiveof" {venom, rF- rN+++ Str-4
                  | Int+9}
 58616 | Depths:2 | Noticed Nikola
 58619 | Depths:2 | Killed Nikola
 58893 | Depths:2 | Identified the +6 sling of the Enfolding Badger {freeze,
                  | rElec}
 59336 | Depths:3 | Noticed Boris
 59341 | Depths:3 | Killed Boris
 59473 | Depths:3 | Noticed Parghit
 59491 | Depths:3 | Killed Parghit
 59860 | Depths:3 | Found a one-way gate to the infinite horrors of the Abyss.
 59934 | Depths:3 | Identified the +2 leather armour of Circular Logic {Str+4
                  | Dex-4 Slay+4}
 59942 | Depths:3 | Found an ancient bone altar of Kikubaaqudgha.
 59942 | Depths:3 | Noticed Jory
 59952 | Depths:3 | Killed Jory
 60404 | Hell     | Entered the Vestibule of Hell
 60404 | Hell     | Noticed Geryon
 60971 | Hell     | Killed Geryon
 61047 | Hell     | Found a gateway to the freezing wastes of Cocytus.
 61096 | Hell     | Found a gateway to the decaying netherworld of Tartarus.
 61338 | Hell     | Reached skill level 27 in Fighting
 61415 | Hell     | Found a gateway to the ashen valley of Gehenna.
 61476 | Hell     | Reached XP level 27. HP: 220/220 MP: 16/35
 61505 | Hell     | Found a gateway to the Iron City of Dis.
 61618 | Coc:1    | Entered Level 1 of Cocytus
 62013 | Depths:4 | Entered Level 4 of the Depths
 62013 | Depths:4 | Noticed a juggernaut
 62021 | Depths:4 | Killed a juggernaut
 62089 | Depths:4 | Killed from afar by a hell hog

Illustrated notes

Levels and vault maps discovered:
D:1:      scummos_arrival_simple_fountains, layout_rooms, interstate_on_off
D:2:      layout_basic
D:3:      layout_rooms
D:4:      layout_cave_pools, amcnicky_altar_gilded,
          chequers_temple_overflow_minitemple, minmay_temple_entry_mist,
          st_stairs_3, uniq_pikel
D:5:      layout_cave_pods, uniq_duvessa, uniq_edmund, uniq_menkaure
D:6:      layout_basic, chequers_mini_garden, minmay_manual_mail,
          uniq_blork_the_orc
D:7:      layout_cave_pools, nicolae_ossuary_entry_ruins
D:8:      minmay_quarter_circles, layout_basic, kennysheep_island_fort,
          uniq_grum
D:9:      layout_loops_ring, erik_lair_dragon
D:10:     minmay_the_grid_square_5x5_3x3
          [minmay_the_grid_square_5x5_inverted_slash,
          minmay_the_grid_square_5x5_spiral_small,
          minmay_the_grid_square_5x5_longway, minmay_the_grid_square_5x5_v,
          minmay_the_grid_square_5x5_megaprize_open,
          minmay_the_grid_square_5x5_lines,
          minmay_the_grid_square_5x5_tri_point,
          minmay_the_grid_square_5x5_slash,
          minmay_the_grid_square_5x5_one_wall], layout_long_grid,
          grunt_temple_overflow_cloverleaf, nicolae_water_bricks
D:11:     layout_roguey
D:12:     layout_irregular_city, zombieorc1_lemuel, serial_bayou_pond_a,
          uniq_nergalle
D:13:     layout_rooms, special_room [special_room_orc], hangedman_tell_no_tales
D:14:     layout_stronghold, grunt_vaults_entry_tiered, serial_shops, shop,
          nicolae_lakefront_shop, nicolae_stop_n_shop_2, shop,
          nicolae_shop_overgrown_old_shop
D:15:     grunt_enter_depths_snipers, layout_rooms, grunt_decor_resistance,
          gauntlet_entry_generic, gammafunk_ghost_ooze, serial_rivers,
          chequers_serial_rivers_large_a, chequers_serial_rivers_micro_c,
          chequers_serial_rivers_micro_a, chequers_serial_rivers_large_b,
          chequers_serial_rivers_marsh, chequers_serial_rivers_room_b,
          uniq_jorgrun
Temple:   nicolae_temple_superstar
Lair:1:   layout_loops_ring, kennysheep_rathole, grunt_megastairs_1,
          lemuel_fruit_fields
Lair:2:   beast_lair_carwin_large_1, layout_regular_city, enter_volcano_3,
          chequers_serial_rivers_small_a, chequers_serial_rivers_small_a,
          fungi_pond_lemuel, minmay_lair_oklob_items
Lair:3:   layout_misc_corridors, minmay_swamp_entry_reptiles,
          guppyfry_snake_entry_island
Lair:4:   layout_regular_city, slime_entry_1, beast_lair_carwin_7,
          grunt_megastairs_3, uniq_rupert
Lair:5:   wormcave, layout_loops_ring, hangedman_lair_caniforms_friends,
          lemuel_fruit_tree
Swamp:1:  layout_basic_swamp, nicolae_swamp_trees_clearing
Swamp:2:  layout_basic_swamp, evilmike_swamp_ruin_house_3, swamp_pool1,
          nicolae_swamp_drake_lake
Swamp:3:  gammafunk_worm_tunnel, layout_basic_swamp,
          evilmike_swamp_ruin_house_4, infiniplex_staircase_pool_2
Swamp:4:  swamp_old_school, layout_basic_swamp, uniq_mlioglotl
Snake:1:  layout_onion, portal_ice_cave_entry_pillars_2,
          nicolae_wooded_promenade, grunt_megastairs_5, serial_bayou_shore_b
Snake:2:  layout_onion_interference, serial_shops, nicolae_shop_waterfront,
          nicolae_snake_ghostly_warrior_ritual, grunt_megastairs_2
Snake:3:  layout_onion
Snake:4:  minmay_snake_end_coiled, layout_grid_maze, serial_shops, shop,
          nicolae_shop_statue_plus, nicolae_shop_stone, nicolae_shop_crystal,
          shop, minmay_shop_star
Slime:1:  layout_caves
Slime:2:  layout_caves, basic_altar, uniq_dissolution
Slime:3:  layout_caves, nicolae_slime_crime_time
Slime:4:  layout_caves
Slime:5
Orc:1:    emtedronai_trogs_sanctum, layout_caves, basic_altar, uniq_erica,
          uniq_erolcha
Orc:2:    st_orc_ogre_mass, layout_diamond_mine, guppyfry_library_mini,
          uniq_azrael
Elf:1:    layout_loops_corners, hangedman_elf_disciples,
          serial_sigils_hangedman_carve, minmay_shoptagon
Elf:2:    nicolae_elf_blades_crystal_corner, layout_geoelf_octagon,
          serial_shops, shop, minivault_8, uniq_louise
Elf:3:    grunt_elf_hall_diamonds, layout_geoelf_diagonals, serial_shops,
          shop_fountains, minivault_26
Vaults:1: portal_desolation_entry_nicolae_slug,
          hangedman_vaults_hard_town_square, ontoclasm_vaults_pinch,
          grunt_vaults_trifunnel, vaults_room_hallway, ontoclasm_vaults_hangar,
          v_rooms_3, hangedman_vaults_maws, vaults_mumra_hexcomb,
          vaults_room_mumra_shop_pool, hangedman_vaults_corner,
          ontoclasm_vaults_decontamination, nicolae_vaults_triangles, v_misc_23,
          ontoclasm_vaults_ligature, layout_vaults_omnicross, uniq_donald
Vaults:2: v_misc_33, v_rooms_1, vaults_room_door_ring,
          nicolae_vaults_halls_meeting, vaults_mumra_minichess,
          vaults_dpeg_diagonal, layout_vaults_omnigrid
Vaults:3: ontoclasm_vaults_hangar, nicolae_vaults_quartermaster, v_pattern_4,
          v_misc_24, v_alt_pattern_3, nicolae_vaults_little_ls, v_misc_5,
          nicolae_vaults_little_squares_3, minmay_crypt_entry_simple_sparse,
          nicolae_vaults_alarming, vaults_room_fours, layout_vaults_ring,
          serial_shops, nicolae_shop_crystal, nicolae_diamond_shop,
          uniq_saint_roka
Vaults:4: vaults_room_corners, dpeg_vaults_monster_box, v_misc_23,
          vaults_dpeg_hooks, hangedman_vaults_snaps, hangedman_vaults_pinch,
          minmay_guarded_unrand_secular_launcher, hangedman_vaults_unwind,
          v_misc_30, ontoclasm_vaults_bender, layout_vaults_maze_bifur,
          uniq_frederick, uniq_margery
Vaults:5
Crypt:1:  layout_misc_corridors, minivault_25, grunt_crypt_arrival_webbed,
          uniq_vv, uniq_xtahua
Crypt:2:  layout_basic, roderic_lattice_octagonal_star
Crypt:3:  due_elkab, layout_chaotic_city, tomb_entry_simple_bobbens
Tomb:1
Depths:1: layout_forbidden_donut, rand_demon_pan_entry_8, serial_column_ruins,
          column_ruins_portal_astroid, column_ruins_hut,
          column_ruins_corridor_T, column_ruins_open_small,
          column_ruins_columns_water, grunt_hell_entry_dis_old,
          nicolae_sif_muna_condensation, minmay_misc_feat_pillars,
          nrook_mini_backslash, hangedman_abyss_or_decor_passed,
          grunt_gozag_breadcrumbs, firewood_loft
Depths:2: wad_statue_garden, layout_cave_shapes, pan_entry, hell_entry,
          minmay_misc_feat_enclosed, uniq_nikola
Depths:3: lemuel_vampire_tower, layout_gridlike, serial_glass, glass_columns_a,
          glass_columns_b, minmay_strange_pillars, pf_hell_entry_tar_spiral,
          abyss_entry_crystal, minmay_misc_feat_four_crosses, uniq_boris,
          uniq_parghit, uniq_jory
Depths:4: lemuel_castle_with_subvaults [lemuel_castle_interior_carwin_1],
          layout_long_grid, enter_ziggurat_d, grunt_hell_horde,
          corexii_leaking_fountain, uniq_enchantress
Hell
Coc:1:    layout_ice_bergs

Skill      XL: |  1  2  3  4  5  6  7  8  9 10 11 12 13 14 15 16 17 18 19 20 21 22 23 24 25 26 27 |
---------------+----------------------------------------------------------------------------------+-----
Long Blades    | 4 5 6 7 10 13 14 16 19 20 23 27 | 27.0
Shields        | 1 10 13 16 18 | 18.2
Dodging        | 10 15 19 20 21 23 24 25 | 25.5
Fighting       | 5 12 13 17 19 23 27 | 27.0
Transmutations | 1 |  1.0
Invocations    | 10 13 | 13.0
Spellcasting   | 8 |  8.0
Stealth        | 3 9 11 | 11.0
Armour         | 7 |  7.3
Translocations | 5 9 10 | 10.7
Conjurations   | 6 |  6.5
Axes           | |  0.6
Staves         | |  0.5
Ranged Weapons | |  0.5
Throwing       | |  2.0
Hexes          | |  0.7
Summonings     | |  0.5
Necromancy     | |  0.4
Fire Magic     | |  0.3
Air Magic      | |  0.3
Earth Magic    | |  0.4
Poison Magic   | |  0.7

Action                   |  1- 3 |  4- 6 |  7- 9 | 10-12 | 13-15 | 16-18 | 19-21 | 22-24 | 25-27 || total
-------------------------+-------+-------+-------+-------+-------+-------+-------+-------+-------++-------
Melee: Long sword        |   116 |   181 |   394 |   422 |   135 |       |       |     9 |   243 ||  1500
       Punch             |     1 |       |       |       |       |       |       |       |       ||     1
       Tailslap          |       |     2 |       |       |     1 |    24 |    12 |       |     4 ||    43
       Scimitar          |       |       |       |   170 |   826 |  1301 |   888 |    34 |       ||  3219
       Great sword       |       |       |       |       |    13 |       |       |       |       ||    13
       Falchion          |       |       |       |       |       |    11 |       |       |       ||    11
       Headbutt          |       |       |       |       |       |       |   246 |   496 |   448 ||  1190
       Double sword      |       |       |       |       |       |       |   195 |  1262 |   777 ||  2234
       Quick blade       |       |       |       |       |       |       |       |    49 |       ||    49
       Rapier            |       |       |       |       |       |       |       |       |    37 ||    37
       Demon blade       |       |       |       |       |       |       |       |       |    44 ||    44
Throw: Throwing net      |       |       |     3 |       |     1 |       |       |       |       ||     4
       Javelin           |       |       |     1 |     3 |       |       |       |       |       ||     4
 Cast: Blink             |       |       |       |       |       |       |     2 |     1 |     3 ||     6
       Frozen Ramparts   |       |       |       |       |       |       |       |       |     1 ||     1
Invok: Recall Ancestor   |       |       |     1 |     3 |    10 |     6 |     9 |    10 |    12 ||    51
       Ancestor Life: Ba |       |       |       |     1 |       |       |       |       |       ||     1
       Idealise          |       |       |       |       |       |       |     9 |     1 |     1 ||    11
Evoke: Wand              |       |       |     1 |    14 |     1 |     1 |     4 |     3 |     3 ||    27
       Tin of tremorston |       |       |       |       |       |       |     2 |       |       ||     2
       Condenser vane    |       |       |       |       |       |       |       |     2 |     1 ||     3
  Use: Scroll            |       |       |     7 |    15 |    14 |    14 |    13 |     7 |    12 ||    82
       Potion            |       |       |     1 |     2 |     4 |     5 |    11 |     4 |    12 ||    39
 Stab: Sleeping          |       |     2 |     4 |     1 |     6 |     8 |    14 |    28 |    17 ||    80
       Held in net/web   |       |       |     3 |       |       |       |       |       |       ||     3
       Distracted        |       |       |     2 |    10 |    21 |    28 |    41 |    52 |    62 ||   216
       Paralysed         |       |       |       |     3 |       |       |       |       |       ||     3
Armor: Leather armour    |    59 |    42 |    99 |    72 |       |       |       |       |       ||   272
       Troll leather arm |       |       |       |     4 |   156 |   218 |   263 |   119 |    71 ||   831
Dodge: Dodged            |    74 |   130 |   206 |   407 |   737 |   870 |   979 |   824 |   799 ||  5026
Block: Buckler           |     4 |    40 |   166 |   240 |   121 |       |       |       |       ||   571
       Reflection        |       |       |     5 |    22 |    41 |    70 |    62 |    67 |    14 ||   281
       Kite shield       |       |       |       |       |   665 |  1200 |  1070 |  1146 |  1092 ||  5173
       Other             |       |       |       |       |     7 |       |       |       |       ||     7

Table legend: (Time is in decaauts)
 A = Elapsed time spent in this place.
 B = Non-inter-level travel time spent in this place.
 C = Inter-level travel time spent in this place.
 D = Time resting spent in this place.
 E = Time spent auto-exploring this place.
 F = Levels seen in this place.
 G = Mean time per level.
                   A        B        C        D        E       F      G
               +--------+--------+--------+--------+--------+-----+--------+
         Total |  60943 |  56392 |   4551 |   8847 |  32075 |  59 | 1032.9 |
       Dungeon |  17554 |  15920 |   1634 |   1515 |  10363 |  15 | 1170.3 |
        Temple |    322 |    310 |     12 |    171 |     73 |   1 |  322.0 |
          Lair |   4617 |   4260 |    357 |    235 |   3002 |   5 |  923.4 |
         Swamp |   3058 |   2907 |    151 |    665 |   1471 |   4 |  764.5 |
     Snake Pit |   4095 |   3593 |    502 |     16 |   2524 |   4 | 1023.8 |
    Slime Pits |   4207 |   3796 |    411 |    947 |   1905 |   5 |  841.4 |
  Orcish Mines |   2352 |   2225 |    127 |    637 |    887 |   2 | 1176.0 |
   Elven Halls |   2911 |   2794 |    117 |    658 |   1371 |   3 |  970.3 |
        Vaults |   8776 |   8171 |    605 |   1657 |   4428 |   5 | 1755.2 |
         Crypt |   3733 |   3362 |    371 |    494 |   2041 |   3 | 1244.3 |
          Tomb |   1428 |   1361 |     67 |    299 |    617 |   1 | 1428.0 |
        Depths |   3824 |   3723 |    101 |   1156 |   1724 |   4 |  956.0 |
          Hell |   1029 |    935 |     94 |    148 |    404 |   1 | 1029.0 |
       Cocytus |     12 |     12 |      0 |      0 |      0 |   1 |   12.0 |
       Ossuary |    253 |    253 |      0 |      0 |    161 |   1 |  253.0 |
      Ice Cave |    906 |    906 |      0 |    134 |    335 |   1 |  906.0 |
       Volcano |    328 |    328 |      0 |      3 |    209 |   1 |  328.0 |
    Desolation |    839 |    839 |      0 |     80 |    342 |   1 |  839.0 |
      Gauntlet |    693 |    693 |      0 |     28 |    213 |   1 |  693.0 |
               +--------+--------+--------+--------+--------+-----+--------+

Top non-repeatable levels by time:
     D:8: 2182 daAuts
Vaults:4: 1975 daAuts
 Crypt:3: 1958 daAuts
Vaults:1: 1890 daAuts
Vaults:2: 1844 daAuts
     D:5: 1673 daAuts
Vaults:5: 1663 daAuts
   Orc:1: 1636 daAuts
     D:9: 1615 daAuts
     D:4: 1599 daAuts
Depths:3: 1572 daAuts
    D:15: 1491 daAuts
   Elf:2: 1435 daAuts
  Tomb:1: 1428 daAuts
Vaults:3: 1403 daAuts
